 Dungeon Crawl Stone Soup version 0.19-a0-19-gf75ed07 (webtiles) character file.

10318 namelastname112 the Carver (level 11, -2/97 HPs)
             Began as a Green Draconian Gladiator on Apr 30, 2016.
             Was an Initiate of Gozag.
             Killed from afar by a deep elf mage (16 damage)
             ... with a bolt of lightning
             ... on level 11 of the Dungeon.
             The game lasted 00:25:37 (15190 turns).

namelastname112 the Carver (DrGl)                  Turns: 15190, Time: 00:25:38

Health: -2/97      AC: 13    Str: 20    XL:     11   Next: 34%
Magic:  12/12      EV: 16    Int:  9    God:    Gozag
Gold:   1437       SH:  0    Dex: 14    Spells: 2 memorised, 7 levels left

rFire  . . .     SeeInvis .     a - +0 long sword
rCold  . . .     Gourm    .     (armour unavailable)
rNeg   + + .     Faith    .     (no shield)
rPois  +         Spirit   .     b - +1 hat
rElec  .         Dismiss  .     N - +2 cloak {rPois}
rCorr  .         Reflect  .     D - +1 pair of gloves
SustAt .         Harm     .     (no boots)
MR     .....                    C - macabre finger necklace {rN+}
Stlth  +.........               G - ring of wizardry
                                s - +2 ring of strength
                                J - ring of positive energy

@: short of breath, gold aura, not resistant to hostile enchantments, very
unstealthy
A: breathe noxious fumes, unfitting armour, poison resistance, cold-blooded, AC
+7
a: Breathe Noxious Fumes, Potion Petition, Call Merchant, Bribe Branch, Renounce
Religion


You were on level 11 of the Dungeon.
You worshipped Gozag.
Gozag was noncommittal.
You were not hungry.

You visited 2 branches of the dungeon, and saw 12 of its levels.

You collected 1956 gold pieces.
You spent 442 gold pieces at shops.
You paid 77 gold pieces to Gozag.

Inventory:

Hand Weapons
 a - a +0 long sword (weapon)
 r - a +2 dagger of venom
Missiles
 c - 2 throwing nets (quivered)
 k - 7 needles of confusion
Armour
 b - a +1 hat (worn)
 D - a +1 pair of gloves (worn)
 N - a +2 cloak of poison resistance (worn)
 O - a +2 shield of protection
Magical Staves
 w - a cursed staff of wizardry
Jewellery
 s - a +2 ring of strength (left hand)
 C - the macabre finger necklace (around neck) {rN+}
   (You bought it in a shop on level 8 of the Dungeon)

   [amulet of nothing]

   It protects you from negative energy.
 G - a ring of wizardry (right hand)
 J - a ring of positive energy (on amulet)
Wands
 p - a wand of teleportation (4/9)
 x - a wand of flame (11/48)
 y - a wand of digging (10/24)
 I - a wand of paralysis (16/24)
 M - a wand of paralysis (18/24)
Scrolls
 f - 4 scrolls of teleportation
 g - 4 scrolls of identify
 h - 3 scrolls of recharging
 j - a scroll of magic mapping
 m - 2 scrolls of amnesia
 o - a scroll of enchant weapon
 u - 7 scrolls of remove curse
 v - 2 scrolls of fog
 z - a scroll of enchant armour
 E - a scroll of blinking
Potions
 e - 3 potions of curing
 i - a potion of brilliance
 l - 2 potions of agility
 q - a potion of resistance
 t - 2 potions of haste
 H - 2 potions of ambrosia
 L - a potion of berserk rage
Books
 B - a book of Minor Magic

   Spells                             Type                      Level
   a - Magic Dart                     Conjuration                  1
   b - Blink                          Translocation                2
   c - Call Imp                       Summoning                    2
   d - Repel Missiles                 Charms/Air                   2
   e - Slow                           Hexes                        2
   f - Conjure Flame                  Conjuration/Fire             3
   g - Mephitic Cloud                 Conjuration/Poison/Air       3
Comestibles
 d - 6 bread rations
 F - 10 royal jellies
 K - 3 fruits


   Skills:
 + Level 9.0 Fighting
 * Level 11.3 Long Blades
 + Level 7.7 Throwing
 + Level 8.0 Dodging
 * Level 2.0 Shields
 + Level 0.6 Spellcasting


You had 7 spell levels left.
You knew the following spells:

 Your Spells              Type           Power        Failure   Level  Hunger
a - Blink                 Tloc           N/A          32%         2    ###....
b - Repel Missiles        Chrm/Air       #.....       32%         2    ###....


Dungeon Overview and Level Annotations

Branches:
Dungeon (11/15)            Temple (1/1) D:6            Lair (0/8) D:9
    Orc: D:9-12

Altars:
Ashenzari
Cheibriados
Dithmenos
Elyvilon
Fedhas
Gozag
Kikubaaqudgha
Makhleb
Okawaru
Pakellas
Qazlal
Ru
Sif Muna
Trog
Vehumet
Xom
Yredelemnul
Zin
The Shining One

Shops:
D:4 ?[?   D:6 }*   D:8 =   D:10 !

Annotations:
D:3 crawlian's ghost, amateur DEEE
D:10 , ice dragon, 1 exclusion
D:11 1 runed door


Innate Abilities, Weirdness & Mutations

You can breathe blasts of noxious fumes.
Your lurid green scales are hard (AC +7).
Your body does not fit into most forms of armour.
Your system is resistant to poisons.
You are cold-blooded and may be slowed by cold attacks.


Message History

You kill the quokka!
The adder is engulfed in noxious fumes.
The adder appears confused.
The adder is engulfed in noxious fumes.
The adder appears confused.
The adder bites the deep elf mage.
The deep elf mage is poisoned.
The adder poisons the deep elf mage!
You strike the helpless adder from behind!
You slash the adder!
You kill the adder!
The deep elf mage is engulfed in noxious fumes.
The deep elf mage casts a spell at you. The bolt of lightning hits you!
You take 27 damage, and have 47/97 hp.
MASSIVE DAMAGE!!
The wraith is distracted by the nearby gold.
The deep elf mage is engulfed in noxious fumes.
The deep elf mage points at you and mumbles some strange words.
The bolt of lightning hits you!
* * * LOW HITPOINT WARNING * * *
The bolt of lightning hits you!
You die...
Your body crumbles into a pile of gold.

.............###.#
#..........).#
.####....C..###+.##
#..........[# .#
#..###..#>.._..
#...######... .# #..#
#.§####.# #...# #... .#
#..# ##.§###.# #....#
#... .....e.#
##.e##>##..#..# #...
....u..# ##.$###..##..#
#... .......#
##W....###..######...
.......
####@................
$.>...
........................
......
.........#####..#####...
...... #######..# #..#
#..# r..e.. #..# #..#
#..# ...... #..# #..#
#..# .####. #..# #..#
#..# .# #..# #..# ..# .#
#..#


You could see a cyclops, a deep elf mage and a wraith (unaware).

Vanquished Creatures
  2 hill giants (D:10)
  A centaur skeleton (D:11)
  A gargoyle (D:10)
  A kobold demonologist (D:11)
  A two-headed ogre (D:10)
  An air elemental (D:10)
  A wyvern (D:10)
  15 yaks (D:10)
  A wraith (D:11)
  A fire elemental (D:10)
  A hungry ghost (D:10)
  3 hippogriffs
  Menkaure (D:5)
  2 orc warriors
  4 sky beasts
  2 eyes of draining
  3 ice beasts
  A black bear (D:9)
  A phantom (D:8)
  2 wasps
  A necrophage (D:9)
  2 ogres
  7 centaurs
  A big kobold (D:9)
  Blork the orc (D:5)
  8 giant frogs
  6 jellies
  2 wyvern skeletons (D:11)
  6 scorpions
  2 howler monkeys (D:10)
  4 killer bees (D:10)
  5 wights (D:10)
  3 crimson imps
  A giant frog zombie (D:10)
  4 hounds (D:10)
  A quasit (D:10)
  A centaur zombie (D:7)
  7 orc priests
  A giant frog skeleton (D:7)
  2 gnoll shamans
  An iguana (D:7)
  12 orc wizards
  8 worker ants
  2 worker ant zombies (D:11)
  16 gnolls
  7 adders
  2 shadow imps
  7 oozes
  An adder skeleton (D:4)
  5 worms
  2 dart slugs (D:2)
  3 giant geckos
  43 orcs
  A ball python (D:4)
  8 bats
  5 giant cockroaches
  5 goblins (D:2)
  5 hobgoblins
  16 jackals
  3 quokkas
  4 giant newts
  5 kobolds
  10 rats
281 creatures vanquished.

Vanquished Creatures (others)
  A water elemental (D:10)
1 creature vanquished.

Grand Total: 282 creatures vanquished

Notes
Turn   | Place    | Note
--------------------------------------------------------------
     0 | D:1      | namelastname112 the Draconian Gladiator began the quest for the Orb.
     0 | D:1      | Reached XP level 1. HP: 17/17 MP: 1/1
   462 | D:1      | Reached XP level 2. HP: 4/24 MP: 2/2
  1228 | D:2      | Found a shadowy altar of Dithmenos.
  1272 | D:2      | Reached XP level 3. HP: 27/30 MP: 3/3
  1536 | D:2      | Found a snail-covered altar of Cheibriados.
  1579 | D:2      | Found a radiant altar of Vehumet.
  1848 | D:2      | Reached XP level 4. HP: 37/37 MP: 4/4
  2394 | D:3      | Noticed crawlian's ghost (amateur DEEE)
  2604 | D:4      | Reached skill level 4 in Long Blades
  2604 | D:4      | Reached XP level 5. HP: 38/45 MP: 5/5
  3179 | D:4      | Found Vuof's Antique Armour Boutique.
  3183 | D:4      | Found Nohiatre's Magic Scroll Emporium.
  3191 | D:4      | Bought a scroll of teleportation for 33 gold pieces
  3253 | D:4      | Found a burning altar of Makhleb.
  3313 | D:4      | Found Rebu Qim's Magic Scroll Boutique.
  3387 | D:5      | Entered Level 5 of the Dungeon
  3574 | D:5      | Reached XP level 6. HP: 36/51 MP: 6/6
  4222 | D:5      | Noticed Menkaure
  4351 | D:5      | Reached skill level 5 in Long Blades
  4562 | D:5      | Noticed Blork the orc
  4730 | D:5      | Killed Blork the orc
  4730 | D:5      | Your scales start taking on a lurid green colour.
  4730 | D:5      | Reached XP level 7. HP: 36/58 MP: 7/7
  4730 | D:5      | Gained mutation: Your system is resistant to poisons. [Green Draconian growth]
  5576 | D:5      | Killed Menkaure
  5650 | D:5      | Reached skill level 6 in Long Blades
  6044 | D:6      | Found Meoci's Merry Market.
  6050 | D:6      | Bought a scroll of magic mapping for 45 gold pieces
  6085 | D:6      | Reached XP level 8. HP: 61/67 MP: 8/8
  6225 | D:6      | Found an ancient bone altar of Kikubaaqudgha.
  6226 | D:6      | Found a blossoming altar of Fedhas.
  6389 | D:6      | Found Penneteu's Gadget Boutique.
  6411 | D:6      | Found a staircase to the Ecumenical Temple.
  6435 | Temple   | Entered the Ecumenical Temple
  6529 | Temple   | Became a worshipper of Gozag Ym Sagoz the Greedy
  6589 | D:6      | Reached skill level 5 in Dodging
  6721 | D:7      | Reached skill level 5 in Fighting
  6771 | D:7      | Reached skill level 7 in Long Blades
  7012 | D:7      | Reached skill level 5 in Throwing
  7734 | D:7      | Reached XP level 9. HP: 52/75 MP: 9/9
  7959 | D:7      | Noticed a moth of wrath
  7962 | D:7      | Found a bloodstained altar of Trog.
  8233 | D:8      | Reached skill level 8 in Long Blades
  8499 | D:8      | Found a stormy altar of Qazlal.
  8711 | D:8      | Found Cogeliog's Jewellery Shop.
  8718 | D:8      | Bought the macabre finger necklace {rN+} for 224 gold pieces
  9485 | D:9      | Learned a level 2 spell: Blink
  9693 | D:9      | Reached skill level 9 in Long Blades
 10060 | D:9      | Found a staircase to the Lair.
 10501 | D:10     | Entered Level 10 of the Dungeon
 10502 | D:10     | Found Eddusum's Distillery.
 10527 | D:10     | Reached XP level 10. HP: 82/86 MP: 10/10
 10590 | D:10     | Bought 2 potions of heal wounds for 140 gold pieces
 10609 | D:10     | Noticed a gargoyle
 10634 | D:10     | Killed a gargoyle
 10827 | D:10     | Noticed a hill giant
 10862 | D:10     | Killed a hill giant
 11101 | D:10     | Found a large runed door.
 11101 | D:10     | Found a large runed door.
 11136 | D:10     | Reached skill level 10 in Long Blades
 11796 | D:10     | Noticed an ice dragon
 11936 | D:10     | Noticed a hill giant
 11978 | D:10     | Killed a hill giant
 11979 | D:10     | jacquesderrida: ХАЙ
 12001 | D:10     | jacquesderrida: !gamesby nope
 12008 | D:10     | beem: nope has played 308 games, between 2012-03-19 23:06:04 and 2015-03-08 16:28:22, won 15 (4.9%), high score 2345669, total score 30703811, total turns 4414385, play-time/day 0:24:15, total time 18d+6:33:52.
 12027 | D:10     | jacquesderrida: shiiiiiiiiiiet
 12056 | D:10     | jacquesderrida: !gamesby namelastname112
 12059 | D:10     | beem: namelastname112 has played 3906 games, between 2013-12-31 12:31:52 and 2016-04-30 20:42:31, won 105 (2.7%), high score 19224276, total score 579566993, total turns 37181208, play-time/day 2:12:59, total time 78d+16:27:20.
 12148 | D:10     | jacquesderrida: ВО ДАЕШ
 12257 | D:10     | namelastname112: че даю
 12266 | D:10     | jacquesderrida: Да!
 12635 | D:11     | Reached XP level 11. HP: 83/95 MP: 11/11
 12707 | D:11     | Found a glowing golden altar of the Shining One.
 12707 | D:11     | Found a runed door.
 12707 | D:11     | Noticed an angel
 12853 | D:11     | Reached skill level 11 in Long Blades
 13348 | D:11     | Noticed a deep elf mage
 13536 | D:10     | Learned a level 2 spell: Repel Missiles
 13553 | D:10     | Identified 3 scrolls of acquirement
 13556 | D:10     | Got a warped cloak
 13562 | D:10     | Identified the -1 cloak "Botuzulu" {*Confuse +Fly rC+ Dex+4} (You acquired it on level 10 of the Dungeon)
 13602 | D:11     | Noticed a red ugly thing
 14046 | D:10     | jacquesderrida: ТАМ КУСТЫ ГОРЯТ
 14047 | D:10     | Reached skill level 1 in Shields
 14651 | D:10     | jacquesderrida: >удалили кусты
 14658 | D:10     | jacquesderrida: гамно
 14746 | D:10     | namelastname112: лел
 14746 | D:10     | namelastname112: кустики
 14746 | D:10     | namelastname112: только в зот дефенс волте
 15190 | D:11     | Killed from afar by a deep elf mage

Vault maps used:
D:1:      evilmike_arrival_plus, nrook_mini_backslash
D:2:      vehumet_crystals, nicolae_overflow_crystal_walls, lemuel_round_altar,
          corner_web_ring
D:3:      kennysheep_goblin_castle, lemuel_crystal_altar, first_bread,
          ecumenical_altar_1
D:4:      lemuel_round_altar, serial_shops, shop, kennysheep_mini_moat, shop
D:5:      kennysheep_decorative_pillar, uniq_menkaure, uniq_blork_the_orc
D:6:      grunt_temple_overflow_growth_and_decay, temple_fountains,
          serial_shops, nicolae_shop_stone, serial_park_tiny_pond,
          nicolae_alphabet_shops
D:7:      tgw_trog
D:8:      grunt_qazlal_clouds, serial_shops, shop
D:9:      lair_0_dummy, hangedman_little_slice_of_home
D:10:     dragon1_lemuel, serial_shops, shop, lightli_elemental_guards,
          uniq_gastronok
D:11:     lemuel_angel_altar
Temple:   circular_temple_12

Skill      XL: |  1  2  3  4  5  6  7  8  9 10 11 |
---------------+----------------------------------+-----
Throwing       | 2 3 4 5 6 7 |  7.7
Dodging        | 3 4 5 6 7 8 |  8.0
Fighting       | 3 4 5 7 8 9 |  9.0
Long Blades    | 4 5 6 7 9 10 11 | 11.3
Shields        | 2 |  2.0
Spellcasting   | |  0.6

Action                   |  1- 3 |  4- 6 |  7- 9 | 10-12 || total
-------------------------+-------+-------+-------+-------++-------
Melee: Long sword        |   139 |    26 |    47 |   183 ||   395
       Tailslap          |    16 |    20 |   108 |   103 ||   247
       Dagger            |       |   108 |   516 |   348 ||   972
Throw: Throwing net      |     2 |       |     2 |     3 ||     7
 Cast: Repel Missiles    |       |       |       |     1 ||     1
 Abil: Breathe Noxious F |       |       |    11 |    19 ||    30
Evoke: Wand              |       |       |       |     4 ||     4
  Use: Scroll            |       |       |    16 |     8 ||    24
       Potion            |       |       |       |     4 ||     4
 Stab: Sleeping          |       |     1 |     2 |     1 ||     4
       Held in net/web   |       |       |     1 |     3 ||     4
       Confused          |       |       |     6 |    15 ||    21
       Distracted        |       |       |     1 |       ||     1
  Eat: Chunk             |     3 |     3 |     3 |       ||     9
       Pizza             |       |     1 |     3 |       ||     4
       Meat ration       |       |     1 |     2 |     4 ||     7
       Fruit             |       |       |     3 |       ||     3
       Royal jelly       |       |       |     1 |       ||     1
       Beef jerky        |       |       |     1 |       ||     1
Armor: Skin              |    52 |    32 |   117 |   128 ||   329
Dodge: Dodged            |   110 |    83 |   286 |   309 ||   788
       Deflected         |       |       |       |     1 ||     1
